Cogmind - Beta 9.1 @@@ ROGUE MODE // 2019.10.31 @ 18:37:39 // Halloween2019/Abominations Player: Rumbl3 Result: Destroyed by Lesser Abomination with EM Pulse Cannon Performance ------------- Evolutions (1) 500 Regions Visited (2) 400 Robots Destroyed (21) 105 Value Destroyed (573) 573 Prototype IDs (2) 40 Alien Tech Used (0) 0 Bonus (0) 0 TOTAL SCORE: 1618 Bonus ------- None Cogmind --------- Core Integrity 0/400 Matter 300/300 Energy 250/250 System Corruption 13% Temperature Cool (65) Location -9/Materials Parts ------- Power (1) Ion Engine Propulsion (2) Wheel Wheel Utility (3) Small Storage Unit Small Storage Unit Medium Armor Plating Weapon (3) Assault Rifle Autogun Flail Inventory (8) Ion Engine Aluminum Leg Improved Sensor Array EM Pulse Cannon Assault Rifle Grenade Launcher Hammer Peak State ------------ Power Ion Engine Propulsion Wheel Wheel Utility Small Storage Unit Small Storage Unit Improved Terrain Scanner Weapon EM Pulse Cannon EM Pulse Cannon Assault Rifle Inventory Ion Engine Aluminum Leg Wheel Assault Rifle Autogun Hammer [Rating: 14] Favorites ----------- Power Ion Engine Engine Ion Engine Propulsion Wheel Leg Aluminum Leg Wheel Wheel Utility Small Storage Unit Device Improved Terrain Scanner Storage Small Storage Unit Protection Medium Armor Plating Weapon Assault Rifle Energy Gun Medium Laser Energy Cannon EM Pulse Cannon Ballistic Gun Assault Rifle Launcher Grenade Launcher Impact Weapon Hammer Build | -11 -10 -9 ------- Run | Scr Mat Mat Slots Evolved 2 | . . 2 Power . | . . . Propulsion . | . . . Utility 1 | . . 1 Weapon 1 | . . 1 Parts Attached 30 | 7 6 17 Power . | . . . Engine . | . . . Core . | . . . Reactor . | . . . Propulsion 16 | 6 3 7 Treads . | . . . Leg 1 | . . 1 Wheel 15 | 6 3 6 Hover . | . . . Flight . | . . . Utility 3 | 1 . 2 Device 1 | . . 1 Storage 1 | 1 . . Processor . | . . . Hackware . | . . . Protection 1 | . . 1 Artifact . | . . . Weapon 11 | . 3 8 Energy Gun . | . . . Energy Cannon 2 | . . 2 Ballistic Gun 4 | . 1 3 Ballistic Cannon . | . . . Launcher 3 | . 2 1 Special Weapon . | . . . Impact Weapon 2 | . . 2 Slashing Weapon . | . . . Piercing Weapon . | . . . Special Melee Weapon . | . . . Unidentified Prototypes . | . . . Parts Lost 12 | . 3 9 Power . | . . . Propulsion 7 | . 1 6 Utility 1 | . . 1 Weapon 4 | . 2 2 Highest Loss Streak 3 | . 2 3 Average Slot Usage (%) 94 | . 98 93 Engine 11 | . 14 11 Leg 2 | . . 3 Wheel 20 | . 27 18 Device 3 | . . 5 Storage 23 | . 28 22 Energy Gun 2 | . 7 . Energy Cannon 3 | . . 4 Ballistic Gun 17 | . 11 19 Launcher 4 | . 8 3 Impact Weapon 4 | . . 5 Naked Turns . | . . . Heaviest Build 28 | 17 18 28 Greatest Support 20 | 20 20 20 Greatest Overweight (x) 2 | 1 . 2 Average Overweight (x) . | . . . Largest Inventory Capacity 8 | 8 8 8 Average Capacity 7 | 7 8 8 Most Carried 8 | 8 8 7 Average Carried 6 | 6 7 5 Final Capacity 8 | 8 8 8 Final Carried 8 | 8 8 7 Class Distribution -------------------- 59% | Mutant 18% | Scavenger-Mutant 16% | Scavenger-Skirmisher 6% | Skirmisher Dominant Class ---------------- Mutant | -10/Materials Mutant | -9/Materials Resources | -11 -10 -9 ----------- Run | Scr Mat Mat Matter Collected 967 | 312 220 435 Remotely . | . . . Salvage Created 564 | 226 333 5 Parts 40 | 18 22 . Haulers Intercepted . | . . . Recyclers Shooed . | . . . Parts Field Recycled . | . . . Retrieved Matter . | . . . Parts Self-Destructed . | . . . Prevented . | . . . Kills | -11 -10 -9 ------- Run | Scr Mat Mat Combat Hostiles Destroyed 12 | . 12 . Guns 2 | . 2 . AOE 10 | . 10 . Classes Destroyed 6 | 3 3 . Worker 2 | 2 . . Tunneler 5 | 5 . . Recycler 2 | 1 1 . Swarmer 5 | . 5 . Grunt 1 | . 1 . Abomination 6 | . 6 . Best Kill Streak 6 | 4 6 . Combat Bots Only 6 | . 6 . Max Kills in Single Turn 3 | 1 3 . Gunslinging . | . . . Exploded 2 | . 2 . Melee . | . . . Uniques/NPCs Destroyed . | . . . Combat | -11 -10 -9 -------- Run | Scr Mat Mat Damage Taken 3136 | . 347 2789 Core 466 | . 57 409 Absorbed by Shields . | . . . Core Remaining (%) 88 | 100 77 . Volleys Fired 79 | 14 27 38 Largest 3 | 2 2 3 Hottest 146 | 70 80 146 Shots Fired 154 | 28 47 79 Gun 113 | 28 33 52 Cannon 19 | . . 19 Launcher 22 | . 14 8 Special . | . . . Kinetic 84 | 14 18 52 Thermal 29 | 14 15 . Explosive 22 | . 14 8 Electromagnetic 19 | . . 19 Robot Hit Streak 18 | 6 4 18 Robot Miss Streak 8 | 2 5 8 Penetration Max . | . . . Secondary Targets . | . . . Shots Hit Robots 95 | 16 18 61 Core Hits 52 | 9 16 27 Critical Hits 1 | . 1 . Critical Kills . | . . . Critical Parts Destroyed 1 | . 1 . Melee Attacks 23 | . . 23 Impact 23 | . . 23 Slashing . | . . . Piercing . | . . . Sneak Attacks 5 | . . 5 Combat Hostiles . | . . . Follow-up Attacks . | . . . Damage Inflicted 2623 | 177 962 1484 Guns 871 | 177 220 474 Cannons 50 | . . 50 Explosions 1346 | . 742 604 Melee 349 | . . 349 Ramming 7 | . . 7 Kinetic 648 | 42 132 474 Thermal 223 | 135 88 . Explosive 1346 | . 742 604 Electromagnetic 50 | . . 50 Impact 349 | . . 349 Slashing . | . . . Piercing . | . . . Highest Corruption 13 | . . 13 Average Corruption 6 | . . 6 Corruption Purged . | . . . Effects 25 | . . 25 Message Errors 4 | . . 4 Matter Fused 5 | . . 5 Heat Flow Errors 4 | . . 4 Energy Discharges 2 | . . 2 Data Loss (minor) 1 | . . 1 Data Loss (major) 1 | . . 1 Misfires 1 | . . 1 Misdirections 1 | . . 1 Targeting Errors 4 | . . 4 Weapon Failures 2 | . . 2 Overload Shots . | . . . Overflow Damage 40 | . 16 24 Projectiles . | . . . Explosions 26 | . 16 10 Melee 14 | . . 14 Knockbacks . | . . . Impact . | . . . Kinetic . | . . . Secondary . | . . . Self-Inflicted Damage 101 | . 53 48 Shots 6 | . 2 4 Rammed 2 | . . 2 Targets Rammed 2 | . . 2 Kicked . | . . . Crushed . | . . . Highest Temperature 675 | 63 45 675 Average Temperature 115 | 28 15 156 Received Heat Transfer 855 | . 81 774 Effects 18 | . . 18 Shutdowns 3 | . . 3 Energy Bleed 3 | . . 3 Interference 6 | . . 6 Matter Decay 1 | . . 1 Short Circuit 2 | . . 2 Damage (major) 2 | . . 2 Damage (core) 1 | . . 1 Siege Activations . | . . . Robots Corrupted . | . . . Combat Hostiles . | . . . Parts Fried . | . . . Impact Corruptions 1 | . . 1 Robots Melted . | . . . Combat Hostiles . | . . . Parts Melted 1 | 1 . . Heat Transferred 489 | 407 82 . Parts Sabotaged . | . . . Parts Stolen . | . . . Parts Stripped . | . . . Power Chain Reactions . | . . . Missiles Intercepted . | . . . Alert | -11 -10 -9 ------- Run | Scr Mat Mat Peak Influence 295 | 40 295 65 Average Influence 63 | 19 170 30 Maximum Alert Level 1 | . 1 . Low Security (%) 96 | . . . Level 1 3 | . . . Level 2 . | . . . Level 3 . | . . . Level 4 . | . . . Level 5 . | . . . High Security . | . . . Max Security . | . . . Squads Dispatched 13 | . 1 12 Investigation 3 | . 1 2 Extermination . | . . . Reinforcement 3 | . . 3 Assault 7 | . . 7 Garrison . | . . . Intercept . | . . . Construction Impeded . | . . . Haulers Reinforced . | . . . Stealth | -11 -10 -9 --------- Run | Scr Mat Mat Distress Signals 19 | . 2 17 Communications Jammed . | . . . Distress Signals . | . . . Times Spotted 52 | . 14 38 Peak Tracking Total 11 | . 5 11 Tactical Retreats 17 | . 2 15 Traps | -11 -10 -9 ------- Run | Scr Mat Mat Traps Triggered 2 | . 2 . Indirectly . | . . . Trap Hack Attempts . | . . . Triggered . | . . . Disarmed . | . . . Reprogrammed . | . . . Reused . | . . . Traps Extracted . | . . . Installed . | . . . Triggered . | . . . Machines | -11 -10 -9 ---------- Run | Scr Mat Mat Machines Disabled 8 | . 7 1 Max in Single Turn 2 | . 2 1 Machines Sabotaged . | . . . Garrisons Compromised . | . . . Overloaded Fab Kills . | . . . Fab Network Shutdowns . | . . . Hacking | -11 -10 -9 --------- Run | Scr Mat Mat Machines Accessed 9 | . 7 2 Terminals 8 | . 7 1 Fabricators . | . . . Repair Stations . | . . . Recycling Units 1 | . . 1 Scanalyzers . | . . . Garrison Access . | . . . Total Hacks 33 | . 29 4 Successful 17 | . 15 2 Failed 16 | . 14 2 Catastrophic 2 | . 1 1 Database Lockouts . | . . . Manual 25 | . 22 3 Terminals 31 | . 29 2 Fabricators . | . . . Repair Stations . | . . . Recycling Units 2 | . . 2 Scanalyzers . | . . . Garrison Access . | . . . Terminal Hacks 6 | . 6 . Record 1 | . 1 . Prototype ID Bank 1 | . 1 . Branch Access Points 1 | . 1 . Alert Level 2 | . 2 . Unreport Threat 1 | . 1 . Fabricator Hacks . | . . . Repair Station Hacks . | . . . Recycling Unit Hacks . | . . . Scanalyzer . | . . . Garrison Access Hacks . | . . . Unauthorized Hacks 34 | . 30 4 Terminals 9 | . 9 . Botnet 3 | . 3 . Detonate 4 | . 4 . Operators 2 | . 2 . Fabricators . | . . . Repair Stations . | . . . Recycling Units 2 | . . 2 Monitor 1 | . . 1 Mask 1 | . . 1 Scanalyzers . | . . . Garrison Access . | . . . Data Cores Recovered . | . . . Used . | . . . Hacking Detections 6 | . 5 1 Full Trace Events 1 | . . 1 Feedback Events . | . . . Feedback Blocked . | . . . Robot Schematics Acquired . | . . . Robots Built . | . . . Matter . | . . . Time . | . . . Total Robot Build Rating . | . . . Part Schematics Acquired . | . . . Parts Built . | . . . Matter . | . . . Time . | . . . Total Part Build Rating . | . . . Parts Repaired . | . . . Time . | . . . Parts Recycled . | . . . Recycled Matter . | . . . Retrieved Matter . | . . . Retrieved Components . | . . . Parts Scanalyzed . | . . . Part Schematics Acquired . | . . . Parts Damaged . | . . . Bothacking | -11 -10 -9 ------------ Run | Scr Mat Mat Used RIF Installer . | . . . Robots Hacked . | . . . Non-combat . | . . . Combat . | . . . Robot Hacks Applied . | . . . Relay Couplers Released . | . . . Robots Rewired . | . . . Allies Hacked . | . . . Hacks Repelled . | . . . Allies | -11 -10 -9 -------- Run | Scr Mat Mat Total Allies . | . . . Largest Group . | . . . Highest-Rated Group . | . . . Highest-Rated Ally . | . . . Total Orders . | . . . Ally Attacks . | . . . Total Damage . | . . . Kills . | . . . Allies Corrupted . | . . . Allies Melted . | . . . Intel | -11 -10 -9 ------- Run | Scr Mat Mat Robot Analysis Total . | . . . Derelict Logs Recovered . | . . . Drone Launches . | . . . Drone Recoveries . | . . . Exploration | -11 -10 -9 ------------- Run | Scr Mat Mat Turns Passed 1195 | 122 288 785 Spaces Moved 945 | 69 239 637 Core . | . . . Treads . | . . . Legs 28 | 28 . . Wheels 917 | 41 239 637 Hover . | . . . Flight . | . . . Fastest Speed 80 | 80 80 80 Average Speed 86 | 97 80 87 Slowest Speed 120 | 120 80 100 Overloaded Moves . | . . . Propulsion Burnouts . | . . . Robots Hopped . | . . . Cave-ins Triggered . | . . . Exploration Rate (%) 39 | 3 58 58 Regions Visited 2 Branch Regions . Pre-discovered Areas . | . . . Known Exits Taken . | . . . Unknown Exits Taken 2 | 1 1 . Scrap Searched . | . . . Spaces Dug 1 | . . 1 Terrain Destroyed 118 | . 62 56 Melee 1 | . . 1 Projectile . | . . . AOE 117 | . 62 55 Actions | -11 -10 -9 --------- Run | Scr Mat Mat Total 1114 | 101 287 726 Wait 13 | . 12 1 Move 942 | 68 238 636 Hop . | . . . Pick Up 9 | 3 2 4 Fast Attach 13 | 3 4 6 Attach 12 | . 2 10 Detach 8 | 2 1 5 Swap 5 | 4 . 1 Drop 8 | 7 1 . Fire 79 | 14 27 38 Melee 23 | . . 23 Ram 2 | . . 2 Kick . | . . . Crush . | . . . Escape Stasis . | . . . Rewire . | . . . Trap . | . . . Miscellaneous . | . . . Route ------- -11/Scrapyard -10/Materials -9/Materials History --------- Turn | Location | Event 17 | -11/Scrapyard | Discovered new exit (range 3) 123 | -11/Scrapyard | Entered Materials 277 | -10/Materials | Identified exit to Mines 332 | -10/Materials | Build established: Mutant 364 | -10/Materials | Discovered new exit (range 4) 411 | -10/Materials | Entered another Materials area 411 | -9/Materials | Evolved 2 slots: Utility x1, Weapon x1 535 | -9/Materials | Lost 3 parts (2n1w) 804 | -9/Materials | Discovered new exit (range 8) 835 | -9/Materials | Lost 3 parts (1n1u1w) 936 | -9/Materials | Discovered new exit (range 13) 1056 | -9/Materials | System corruption reached 10% 1076 | -9/Materials | Core integrity fell below 50% 1114 | -9/Materials | Core integrity fell below 20% 1196 | -9/Materials | Destroyed by Lesser Abomination with EM Pulse Cannon Last Messages --------------- 01118_ Ice Anomaly freezes B-36 Bruiser. 01118_ Acquired 23 matter. 01119_ Warp Anomaly forced to warp away. 01119_ Ice Anomaly freezes B-36 Bruiser. 01122_ 25 Matter blinks away. 01127_ Acquired 16 matter. 01130_ System corrupted: Substantial component data lost. 01130_ Sneak attack on Paradox Anomaly. 01149_ Acquired Flail. 01153_ System corrupted: Matter fused (-9). 01164_ Acquired 3 matter. 01172_ Acquired Med. Armor Plating. 01173_ ALERT: Dispatching additional forces to engage threats. 01174_ Acquired Imp. Sensor Array. 01187_ Sneak attack on Paradox Anomaly. 01187_ System corrupted: Flail targeting data glitched. 01189_ Acquired 67 matter. 01194_ System corrupted: Heat flow error (+101). 01195_ Destroyed Terrain Scan Processor. 01195_ Lesser Abomination system corrupted by crushing effect. Map ----- +----------------------------------------------------+ | ?????????????????????# T | | ?????????????????????# | | ?????????????????????# ########### | | ?????????????????????### ###?????????? | | ???????????????????????# #???????????? | | ???????????????????????# #???????????? | | ???????????????????????# #???????????? | | ???????????????????????# #???????????? | | ???????????????????????# #???????????? | | ???????????????????????# #???????????? | | ???????????????????????# #???????????? | | ???????????????????????# #???????????? | | ???????????????????#####+#####???????? | | ???????????????????# #???????? | | ???????????????????# % #???????? | | ???????????????????# +???????? | | ???????????????????# #???????? | | ???????###########?#""" """ #???????? | | ???????# % #?#"R "" ##??????? | | ???????# "" #?#""" """ #??????? | | ???????# ""S """ #?# ##??????? | | ???????# "" """ ####""""""#"" #?????? | | ???????# """ /A " ##????????? | | ???????# %#####" " #?????????? | | ???????# #????# #???????????? | | ???????# @ %#????# ###########?? | | ?########+##A########## # #?? | | # # % # %#?? | | #= / # + #?? | | # + ##+############# """ #?? | | # # # ??????????# """ #?? | | # # # ????????# """ #?? | | #!] #### """ ""??????# #?? | | ########??# """ """ ????# #?? | | ??????????# """ """?????###########?? | | ??????????# ?????????????????? | | ??????????? ?????????????????? | | ???????????####???##?????????????????? | | | | | | | | | | | | | | | | | | | | | | | | | +----------------------------------------------------+ Best States ------------- Heat Dissipation 28 Energy Generation 10 Energy Capacity 250 Matter Stores 300 Matter Capacity 300 Sight Range 16 Terrain Scan Range 16 Terrain Scan Density 10 Armor Coverage 225 Evasion (%) 44 Item Schematics ----------------- None Robot Schematics ------------------ None Fabricated ------------ Nothing Alien Tech Used ----------------- None Achievements -------------- None Challenges ------------ None Game ------ Seed EnergyIonicDoublenader Manual? 0 Play Time 00:35:03 Cumulative 255.8 hours Start 2019.10.31 @ 18:04:35 End 2019.10.31 @ 18:37:39 Sessions 1 Manual Loads 0 Difficulty Rogue Special Mode Halloween2019/Abominations Game No. 112 Rogue 112 Adventurer 0 Explorer 0 Win Type - Total 7 Types 6/0/0/1/0/0/0 Lore% 75 Gallery% 77 Achievement% 59 Wizard Run 0 Options --------- ASCII 0 Keyboard 0 Movement Numpad Keybinds 0 Fullscreen 0 Font 14/Dina Map View 76x50 Tactical HUD 1 Map Filters NONE Filters NONE Steam 1 RUN: 7bf1b681-06ac-4602-b79f-8b03518c5c78